 Dungeon Crawl Stone Soup version 0.28.0 (webtiles) character file.

Game seed: 1629366149962157866

227 funkygono the Firebug (level 6, -1/32 HPs)
             Began as a Gargoyle Fire Elementalist on Feb 15, 2022.
             Slain by an ogre (4 damage)
             ... on level 4 of the Dungeon.
             The game lasted 00:06:18 (4144 turns).

funkygono the Firebug (Gargoyle Fire Elementalist)  Turns: 4144, Time: 00:06:18

Health: -1/32      AC:  6    Str: 11    XL:     6   Next: 2%
Magic:  9/11       EV: 12    Int: 18    God:
Gold:   133        SH:  0    Dex: 10    Spells: 3/12 levels left

rFire   . . .      SeeInvis .   g - +0 mace
rCold   . . .      Faith    .   (no shield)
rNeg    + + .      Spirit   .   a - +0 robe
rPois   ∞          Reflect  .   (no helmet)
rElec   +          Harm     .   (no cloak)
rCorr   .          Rampage  .   (no gloves)
Will    .....                   (no boots)
Stlth   ++........              (no amulet)
HPRegen 0.10/turn               o - ring of positive energy
MPRegen 0.12/turn               (no ring)

@: no status effects
A: sickness immunity, AC +4, negative energy resistance 1, electricity
resistance, torment resistance 1, petrification resistance
a: no special abilities


You were on level 4 of the Dungeon.
You visited 1 branch of the dungeon, and saw 4 of its levels.

You collected 133 gold pieces.

Inventory:

Hand Weapons
 g - a +0 mace (weapon)
 i - a +0 whip
Missiles
 f - 104 stones
Armour
 a - a +0 robe (worn)
 t - a +2 scale mail of fire resistance
Jewellery
 o - a ring of positive energy (left hand)
 q - a ring of protection from fire
Scrolls
 b - a scroll of noise {unknown}
 d - a scroll of summoning {unknown}
 e - 2 scrolls of identify {unknown}
 k - a scroll of fear {unknown}
 l - a scroll of amnesia {unknown}
 n - a scroll of vulnerability {unknown}
 s - 2 scrolls of teleportation {unknown}
Potions
 c - a potion of invisibility {unknown}
 h - 3 potions of curing {unknown}
 j - a potion of berserk rage {unknown}
 m - a potion of heal wounds {unknown}
 p - a potion of magic {unknown}
 r - a potion of lignification {unknown}


   Skills:
 + Level 2.0 Dodging
 - Level 2.1 Stealth
 * Level 3.5 Spellcasting
 * Level 3.2 Conjurations
 * Level 4.5 Fire Magic


You had 3 spell levels left.
You knew the following spells:

 Your Spells              Type           Power      Damage    Failure   Level
a - Foxfire               Conj/Fire      68%        2x1d7     3%          1
b - Scorch                Fire           38%        2d6       3%          2
c - Conjure Flame         Conj/Fire      17%        6-21      10%         3
d - Inner Flame           Hex/Fire       11%        N/A       19%         3

Your spell library contained the following spells:

 Spells                   Type           Power      Damage    Failure   Level
 Static Discharge         Conj/Air       8%         N/A       12%         2
 Corpse Rot               Necr/Air       6%         N/A       24%         2
 Flame Wave               Conj/Fire      17%        2d6       30%         4
 Dispel Undead            Necr           3%         3d7       83%         4
 Lightning Bolt           Conj/Air       4%         1d15      92%         5
 Summon Forest            Summ/Tloc      1%         N/A       99%         5
 Summon Mana Viper        Hex/Summ       3%         N/A       99%         5
 Death Channel            Necr           1%         N/A       100%        6
 Summon Cactus Giant      Summ           1%         N/A       100%        6
 Maxwell's Capacitive Co  Air            1%         ∞         100%        8


Dungeon Overview and Level Annotations

Branches:
Dungeon (4/15)
 Temple: D:4-7

Altars:
Beogh

Annotations:
D:3 3 runed translucent doors, windycow's ghost, amateur TrHu


Innate Abilities, Weirdness & Mutations

You are immune to sickness and miasma.
Your stone body is resilient. (AC +4)
You are immune to poison.
You resist negative energy. (rN+)
You are resistant to electric shocks. (rElec)
You are resistant to unholy torment.
You are immune to petrification.


Message History

The foxfire hits the orc but does no damage.
The orc is severely wounded.
Unknown command.
Casting: Foxfire (safe; 3% risk of failure)
Confirm with . or Enter, or press ? or * to list all spells.
You conjure some foxfire!
The orc hits you but does no damage.
Unknown command.
You hit the orc.
The orc is almost dead.
The foxfire hits the orc but does no damage.
The orc is almost dead.
The foxfire hits the orc.
The orc resists.
You kill the orc!
Things that are here:
a +2 dagger of flaming; a +2 scale mail of fire resistance
t - a +2 scale mail of fire resistance You start resting.
Magic restored.
You start resting.
HP restored.
There is a stone staircase leading down here.
You climb downwards.
The ogre hits you with a +0 giant spiked club!!
Ouch! That really hurt!
* * * LOW HITPOINT WARNING * * *
The orc barely misses you.
There is a stone staircase leading up here.
Casting: Foxfire (safe; 3% risk of failure)
Confirm with . or Enter, or press ? or * to list all spells.
You conjure some foxfire!
The orc closely misses you. The ogre closely misses you.
Casting: Foxfire (safe; 3% risk of failure)
Confirm with . or Enter, or press ? or * to list all spells.
You conjure some foxfire!
The foxfire hits the ogre.
The ogre is lightly wounded.
The foxfire hits the ogre.
The ogre is moderately wounded.
The orc hits you but does no damage.
The ogre hits you with a +0 giant spiked club.
You die...

#...#.##..##....##
#.........#......#
.....##..........###
.... ##.#..[....#
#.. #..##....######
.. .....##......<..#
# #######....#.....#
#§v...##...#
#.@....##..#
#Ovo......##
#.......#.##
#....#.....###
#....#.......##
#......###....###
#.......#.......#
#####.........###
##.#..#...#


You could see an ogre (ally target) and an orc (ally target).

Vanquished Creatures
  A black bear (D:4)
  3 gnolls (D:2)
  An adder (D:3)
  An ufetubus (D:4)
  4 worms
  2 dart slugs (D:3)
  5 orcs
  6 bats
  10 endoplasms
  5 giant cockroaches
  4 goblins
  9 hobgoblins
  A jackal (D:2)
  6 kobolds
  4 quokkas
  6 ball pythons
  4 rats
72 creatures vanquished.

Vanquished Creatures (others)
  249 foxfires
249 creatures vanquished.

Grand Total: 321 creatures vanquished

Notes
Turn   | Place    | Note
-------+----------+-------------------------------------------
     0 | D:1      | funkygono the Gargoyle Fire Elementalist began the quest
                  | for the Orb.
     0 | D:1      | Reached XP level 1. HP: 10/10 MP: 3/3
     8 | D:1      | You fall into a shaft and drop 1 floor!
   431 | D:2      | Reached XP level 2. HP: 15/15 MP: 3/5
   434 | D:2      | Learned a level 2 spell: Scorch
   948 | D:1      | Reached XP level 3. HP: 19/19 MP: 0/6
   952 | D:1      | Learned a level 3 spell: Conjure Flame
  1565 | D:2      | Reached XP level 4. HP: 20/24 MP: 0/7
  2263 | D:2      | Reached skill level 4 in Fire Magic
  3002 | D:3      | Reached XP level 5. HP: 28/28 MP: 5/9
  3063 | D:3      | Learned a level 3 spell: Inner Flame
  3166 | D:3      | Found a runed translucent gate.
  3167 | D:3      | Found a runed translucent gate.
  3169 | D:3      | Found a runed translucent gate.
  3170 | D:3      | Noticed windycow's ghost (amateur TrHu)
  3177 | D:3      | Identified the +5 ring mail of the Grue {rPois Will- Str+8
                  | Dex+4}
  3655 | D:4      | Noticed a black bear
  3663 | D:4      | Killed a black bear
  3840 | D:4      | Noticed an ogre
  3845 | D:4      | Reached XP level 6. HP: 32/32 MP: 6/11
  4144 | D:4      | Slain by an ogre

Illustrated notes

Levels and vault maps discovered:
D:1:      scummos_arrival_gate, layout_basic, minmay_tripent
D:2:      minmay_razor_zed, layout_rooms, grunt_ministairs_5, dk_noncrumbling_4
D:3:      layout_basic, biasface_ghost_orc_armoury
D:4:      layout_cave_pools, serial_shops, nicolae_shop_waterfront,
          kennysheep_small_spiral

Skill      XL: |  1  2  3  4  5 |
---------------+----------------+-----
Conjurations   | 2 3 |  3.2
Fire Magic     | 4 |  4.5
Spellcasting   | 3 |  3.5
Dodging        | 2 |  2.0
Stealth        | |  2.1

Action                   |  1- 3 |  4- 6 || total
-------------------------+-------+-------++-------
Melee: Mace              |       |     5 ||     5
 Cast: Foxfire           |    53 |    97 ||   150
       Scorch            |     2 |     9 ||    11
Armor: Robe              |     7 |    12 ||    19
Dodge: Dodged            |    19 |    29 ||    48
